[ PARTIDA AOE2 · #474654455 ]
UnrankedBúlgaros vs Saracens
Equipo del jugador · VICT
Equipo rival · DERR
[ ANÁLISIS DE REPETICIÓN · EXTRAÍDO DE LA PARTIDA GRABADA ]
Feudal
11:45
Castillos
21:46
Imperial
—
| APM promedio | 26.2 |
| APM pico | 57 |
| eAPM promedio | 12.0 |
| Aldeanos / militares | 62 / 32 |
Foco
⚔️ 24.4% · 🌾 75.6%
Petard ×27 · Militia ×4 · Monk ×1
Feudal
25:53
Castillos
—
Imperial
—
| APM promedio | 13.2 |
| APM pico | 33 |
| eAPM promedio | 11.4 |
| Aldeanos / militares | 62 / 23 |
Foco
⚔️ 12.4% · 🌾 87.6%
Militia ×17 · Spearman ×6
Mapa de la partida
Recursos iniciales + cada clic de construcción. Líneas = muros · curvas = relieve. ◆ oro · ⬟ piedra · ● bayas · ✦ reliquia · ◌ hueco del cierre
Tu base· ✓ Cerrada en 21:46 · 49t muro · sin puerta
Base de Yexidmon· Abierta — flanco sin cerrar
Terreno inicial suavizado · ◌ = hueco del cierre detectado · pasá el cursor para detalles
Inputs por minuto
— first pirat - - Yexidmon
Build order — first pirat
147 acciones detectadas en el replay
| 0:00 | Crear | Villager (Male) ×4 |
| 0:02 | Construir | House |
| 0:03 | Construir | House |
| 1:33 | Crear | Villager (Male) |
| 1:54 | Construir | Lumber Camp |
| 2:05 | Crear | Villager (Male) |
| 2:29 | Crear | Villager (Male) |
| 2:51 | Crear | Villager (Male) |
| 3:19 | Crear | Villager (Male) |
| 3:49 | Crear | Villager (Male) |
| 3:56 | Crear | Villager (Male) |
| 4:17 | Crear | Villager (Male) |
| 4:47 | Construir | House |
| 4:49 | Construir | House |
| 4:52 | Investigar | Loom |
| 4:53 | Investigar | Loom |
| 5:00 | Crear | Villager (Male) |
| 5:00 | Crear | Villager (Male) |
| 5:29 | Construir | Mill |
| 6:08 | Crear | Villager (Male) |
| 6:35 | Crear | Villager (Male) |
| 6:36 | Crear | Villager (Male) |
| 6:39 | Crear | Villager (Male) |
| 7:22 | Crear | Villager (Male) |
| 7:53 | Crear | Villager (Male) |
| 7:54 | Crear | Villager (Male) |
| 7:59 | Construir | Mining Camp |
| 8:36 | Crear | Villager (Male) |
| 8:39 | Crear | Villager (Male) |
| 8:55 | Construir | Barracks |
| 9:04 | Crear | Villager (Male) |
| 9:09 | Crear | Villager (Male) |
| 9:11 | Crear | Villager (Male) |
| 9:16 | Construir | House |
| 9:22 | Construir | House |
| 9:25 | Construir | House |
| 9:26 | Construir | House |
| 9:27 | Construir | House |
| 9:35 | Investigar | Feudal Age |
| 9:39 | Crear | Militia |
| 9:40 | Crear | Militia |
| 9:40 | Crear | Militia |
| 10:31 | Crear | Militia |
| 10:45 | Construir | Palisade Wall |
| 10:50 | Construir | Palisade Wall |
| 10:53 | Construir | Palisade Wall |
| 11:45 | Edad | Edad Feudal |
| 12:06 | Crear | Villager (Male) |
| 12:07 | Crear | Villager (Male) |
| 12:10 | Investigar | Horse Collar |
| 12:11 | Investigar | Double-Bit Axe |
| 12:29 | Construir | Blacksmith |
| 12:41 | Construir | Palisade Wall |
| 12:43 | Construir | Palisade Wall |
| 12:47 | Investigar | Arson |
| 12:49 | Crear | Villager (Male) |
| 12:50 | Crear | Villager (Male) |
| 12:52 | Crear | Villager (Male) |
| 13:00 | Construir | Market |
| 13:43 | Construir | Farm |
| 13:43 | Construir | Farm |
| 13:44 | Construir | Farm |
| 13:44 | Construir | Farm |
| 13:44 | Construir | Farm |
| 13:45 | Construir | Farm |
| 13:45 | Construir | Farm |
| 13:46 | Construir | Farm |
| 14:16 | Crear | Villager (Male) |
| 14:37 | Construir | Palisade Wall |
| 14:38 | Construir | Palisade Wall |
| 14:42 | Construir | Palisade Wall |
| 14:50 | Crear | Villager (Male) |
| 14:52 | Investigar | Wheelbarrow |
| 14:56 | Construir | Farm |
| 15:10 | Construir | Farm |
| 15:10 | Construir | Farm |
| 15:10 | Construir | Farm |
| 15:11 | Construir | Farm |
| 15:11 | Construir | Farm |
| 15:11 | Construir | Farm |
| 15:12 | Construir | Farm |
| 15:35 | Construir | Farm |
| 15:41 | Construir | Farm |
| 15:51 | Construir | Mining Camp |
| 16:47 | Crear | Villager (Male) |
| 16:47 | Crear | Villager (Male) |
| 16:52 | Investigar | Stone Mining |
| 17:06 | Construir | Stone Wall |
| 17:25 | Construir | Lumber Camp |
| 17:39 | Crear | Villager (Male) |
| 17:59 | Crear | Villager (Male) |
| 18:21 | Crear | Villager (Male) |
| 19:06 | Investigar | Castle Age |
| 19:53 | Investigar | Gold Mining |
| 20:47 | Investigar | Town Watch |
| 20:48 | Crear | Villager (Male) |
| 20:48 | Crear | Villager (Male) |
| 21:46 | Edad | Edad de los Castillos |
| 21:56 | Construir | Krepost |
| 22:04 | Construir | Krepost |
| 22:06 | Construir | Krepost |
| 22:08 | Investigar | Hand Cart |
| 22:10 | Investigar | Bow Saw |
| 22:22 | Construir | Mining Camp |
| 22:28 | Crear | Villager (Male) ×5 |
| 22:35 | Investigar | Heavy Plow |
| 22:48 | Construir | Monastery |
| 23:26 | Crear | Petard ×4 |
| 24:12 | Crear | Villager (Male) |
| 24:13 | Crear | Petard |
| 24:13 | Crear | Petard |
| 24:31 | Crear | Petard ×3 |
| 24:58 | Crear | Monk |
| 25:20 | Crear | Petard ×4 |
| 25:36 | Investigar | Fletching |
| 25:37 | Crear | Villager (Male) |
| 25:37 | Crear | Villager (Male) |
| 25:55 | Construir | Krepost |
| 26:05 | Crear | Petard ×3 |
| 26:18 | Construir | Town Center |
| 26:28 | Crear | Villager (Male) |
| 26:29 | Crear | Villager (Male) |
| 26:41 | Crear | Petard |
| 27:00 | Construir | Lumber Camp |
| 27:02 | Crear | Petard ×2 |
| 27:24 | Construir | Farm |
| 27:34 | Construir | Town Center |
| 27:37 | Crear | Villager (Male) |
| 27:52 | Construir | Farm |
| 27:52 | Construir | Farm |
| 27:54 | Construir | Farm |
| 28:02 | Crear | Petard ×4 |
| 28:07 | Crear | Villager (Male) |
| 28:32 | Crear | Villager (Male) |
| 28:32 | Crear | Villager (Male) |
| 28:35 | Crear | Villager (Male) |
| 28:35 | Crear | Villager (Male) |
| 28:53 | Crear | Villager (Male) |
| 28:54 | Crear | Villager (Male) |
| 28:54 | Crear | Villager (Male) |
| 29:03 | Construir | Farm |
| 29:04 | Construir | Farm |
| 29:09 | Construir | Farm |
| 29:14 | Crear | Villager (Male) |
| 29:14 | Crear | Villager (Male) |
| 29:28 | Crear | Villager (Male) |
| 30:03 | Crear | Petard ×4 |
Build order — Yexidmon
124 acciones detectadas en el replay
| 0:08 | Construir | Mill |
| 0:13 | Crear | Villager (Male) |
| 0:13 | Crear | Villager (Male) |
| 0:14 | Crear | Villager (Male) |
| 0:14 | Crear | Villager (Male) |
| 0:55 | Construir | Mill |
| 2:27 | Construir | House |
| 2:31 | Crear | Villager (Male) |
| 2:31 | Crear | Villager (Male) |
| 4:04 | Construir | House |
| 5:01 | Crear | Villager (Male) |
| 5:01 | Crear | Villager (Male) |
| 5:02 | Crear | Villager (Male) |
| 5:18 | Crear | Villager (Male) |
| 5:18 | Crear | Villager (Male) |
| 5:40 | Crear | Villager (Male) |
| 5:40 | Crear | Villager (Male) |
| 6:09 | Crear | Villager (Male) |
| 6:09 | Crear | Villager (Male) |
| 6:23 | Construir | House |
| 6:45 | Crear | Villager (Male) |
| 7:07 | Construir | Lumber Camp |
| 7:12 | Crear | Villager (Male) |
| 7:12 | Crear | Villager (Male) |
| 7:38 | Crear | Villager (Male) |
| 7:38 | Crear | Villager (Male) |
| 7:39 | Crear | Villager (Male) |
| 7:52 | Construir | House |
| 7:54 | Construir | House |
| 7:56 | Construir | House |
| 7:58 | Construir | House |
| 8:08 | Crear | Villager (Male) |
| 8:08 | Crear | Villager (Male) |
| 8:28 | Crear | Villager (Male) |
| 8:28 | Crear | Villager (Male) |
| 9:09 | Crear | Villager (Male) |
| 9:10 | Crear | Villager (Male) |
| 9:29 | Construir | Farm |
| 9:36 | Crear | Villager (Male) |
| 9:37 | Crear | Villager (Male) |
| 9:57 | Construir | Barracks |
| 10:06 | Crear | Villager (Male) |
| 10:07 | Crear | Villager (Male) |
| 10:09 | Crear | Villager (Male) |
| 10:10 | Crear | Villager (Male) |
| 10:47 | Crear | Villager (Male) |
| 10:48 | Crear | Villager (Male) |
| 11:47 | Construir | Farm |
| 12:20 | Crear | Militia |
| 12:21 | Crear | Militia |
| 12:21 | Crear | Militia |
| 12:21 | Crear | Militia |
| 12:22 | Crear | Militia |
| 12:22 | Crear | Militia |
| 14:55 | Construir | Farm |
| 14:55 | Construir | Farm |
| 15:03 | Construir | Farm |
| 15:36 | Crear | Villager (Male) |
| 15:37 | Crear | Villager (Male) |
| 15:37 | Crear | Villager (Male) |
| 15:37 | Crear | Villager (Male) |
| 17:22 | Construir | Farm |
| 18:29 | Construir | Palisade Wall |
| 18:40 | Crear | Villager (Male) |
| 18:41 | Crear | Villager (Male) |
| 18:41 | Crear | Villager (Male) |
| 18:41 | Crear | Villager (Male) |
| 18:42 | Crear | Villager (Male) |
| 18:42 | Crear | Villager (Male) |
| 19:33 | Construir | Farm |
| 20:02 | Construir | House |
| 20:04 | Construir | House |
| 20:50 | Crear | Villager (Male) |
| 20:51 | Crear | Villager (Male) |
| 20:51 | Crear | Villager (Male) |
| 20:51 | Crear | Villager (Male) |
| 20:52 | Crear | Villager (Male) |
| 21:23 | Construir | Palisade Wall |
| 21:44 | Crear | Villager (Male) |
| 21:46 | Crear | Villager (Male) |
| 22:40 | Construir | Farm |
| 22:52 | Construir | Farm |
| 23:43 | Investigar | Feudal Age |
| 23:55 | Construir | Farm |
| 24:07 | Construir | Farm |
| 24:11 | Crear | Villager (Male) |
| 24:11 | Crear | Villager (Male) |
| 24:11 | Crear | Villager (Male) |
| 24:28 | Crear | Militia |
| 24:29 | Crear | Militia |
| 24:56 | Construir | Lumber Camp |
| 25:05 | Crear | Villager (Male) |
| 25:06 | Crear | Villager (Male) |
| 25:17 | Crear | Villager (Male) |
| 25:17 | Crear | Villager (Male) |
| 25:34 | Crear | Militia |
| 25:34 | Crear | Militia |
| 25:53 | Edad | Edad Feudal |
| 26:08 | Construir | Market |
| 26:18 | Investigar | Man-at-Arms (upgrade) |
| 26:43 | Crear | Spearman |
| 26:43 | Crear | Spearman |
| 26:43 | Crear | Spearman |
| 27:28 | Construir | Stone Wall |
| 27:47 | Construir | Watch Tower |
| 27:52 | Construir | Farm |
| 27:52 | Construir | Farm |
| 28:02 | Crear | Spearman |
| 28:02 | Crear | Spearman |
| 28:02 | Crear | Spearman |
| 28:38 | Construir | Stable |
| 28:46 | Construir | Stable |
| 29:04 | Crear | Militia |
| 29:05 | Crear | Militia |
| 29:05 | Crear | Militia |
| 29:06 | Crear | Militia |
| 29:06 | Crear | Militia |
| 29:06 | Crear | Militia |
| 29:07 | Crear | Militia |
| 29:27 | Crear | Villager (Male) |
| 29:27 | Crear | Villager (Male) |
| 29:28 | Crear | Villager (Male) |
| 30:01 | Investigar | Double-Bit Axe |
| 30:01 | Investigar | Double-Bit Axe |
Cronología de la partida
| 8:55 | first pirat · first_building Barracks |
| 9:57 | Yexidmon · first_building Barracks |
| 10:45 | first pirat · wall_segment Palisade Wall x1 |
| 10:50 | first pirat · wall_segment Palisade Wall x3 |
| 10:53 | first pirat · wall_segment Palisade Wall x9 |
| 11:45 | first pirat · age_up feudal |
| 12:41 | first pirat · wall_segment Palisade Wall x1 |
| 12:43 | first pirat · wall_segment Palisade Wall x7 |
| 14:37 | first pirat · wall_segment Palisade Wall x4 |
| 14:38 | first pirat · wall_segment Palisade Wall x1 |
| 14:42 | first pirat · wall_segment Palisade Wall x4 |
| 17:06 | first pirat · wall_segment Stone Wall x19 |
| 18:29 | Yexidmon · wall_segment Palisade Wall x19 |
| 21:23 | Yexidmon · wall_segment Palisade Wall x7 |
| 21:46 | first pirat · age_up castle |
| 21:56 | first pirat · first_building Krepost |
| 22:48 | first pirat · first_building Monastery |
| 25:53 | Yexidmon · age_up feudal |
| 27:28 | Yexidmon · wall_segment Stone Wall x11 |
| 28:26 | Yexidmon · first_market_buy 100 wood |
| 28:38 | Yexidmon · first_building Stable |
| 30:11 | Yexidmon · resign |
[ ANÁLISIS IA · 1 CRÉDITO ]
¿Qué pasó realmente en esta partida?
Wolo.gg analiza cada decisión: build order, eco, micro, errores típicos por bracket. Análisis personalizado por WhatsApp o Discord en 30 segundos.
Guía civ
Búlgaros
Guía mapa
Arabia
Perfil
first pirat